 Dungeon Crawl Stone Soup version 0.16.1-18-g436b03c (webtiles) character file.

10782 hannobal the Geomancer (level 11, -6/69 HPs)
             Began as an Octopode Earth Elementalist on May 10, 2015.
             Was a Priest of Ashenzari.
             Killed by the air
             ... invoked by Gastronok
              (32 damage)
             ... on level 3 of the Lair of Beasts.
             The game lasted 01:37:11 (13858 turns).

hannobal the Geomancer (OpEE)                      Turns: 13858, Time: 01:37:11

Health: -6/69      AC:  1    Str:  7    XL:     11   Next: 67%
Magic:  3/34       EV: 16    Int: 20    God:    Ashenzari [***...]
Gold:   86         SH:  7    Dex: 11    Spells: 7 memorised, 0 levels left

rFire  + . .     SeeInvis +     a - +3 short sword (venom)
rCold  . . .     Clarity  +     Z - +2 buckler {rF+} (curse)
rNeg   . . .     SustAb   +     (helmet restricted)
rPois  +         Gourm    .     p - amulet of regeneration (curse)
rElec  +         Spirit   .     u - ring of magical power (curse)
rCorr  .         Warding  .     G - ring of sustain abilities (curse)
rMut   .         Stasis   .     I - +3 ring of evasion (curse)
MR     +....                    c - +2 ring of dexterity (curse)
Stlth  +++++.....               m - ring of protection from magic (curse)
                                U - ring "Stazifia" {rElec rPois Dex-5 SInv} (curse)
                                (no ring)
                                (no ring)

@: somewhat resistant to hostile enchantments, quite stealthy
A: almost no armour, amphibious, 8 rings, constrict 8, camouflage 1, gelatinous
body 1
a: Renounce Religion


You were on level 3 of the Lair of Beasts.
You worshipped Ashenzari.
Ashenzari was most pleased with you.
You were not hungry.

You visited 3 branches of the dungeon, and saw 12 of its levels.
You also visited: Ice Cave.

You collected 727 gold pieces.
You spent 641 gold pieces at shops.

Inventory:

Hand weapons
 a - a +3 short sword of venom (weapon)
 b - a +0 hunting sling
 q - a +1 whip of flaming
Missiles
 g - 35 sling bullets
 r - a throwing net
 v - 23 arrows
 w - 55 stones
 V - 9 javelins (quivered)
Armour
 Z - a cursed +2 buckler of fire resistance (worn)
Jewellery
 c - a cursed +2 ring of dexterity (on tentacle)
 m - a cursed ring of protection from magic (on tentacle)
 p - a cursed amulet of regeneration (around mantle)
 u - a cursed ring of magical power (left tentacle)
 G - a cursed ring of sustain abilities (right tentacle)
 I - a cursed +3 ring of evasion (on tentacle)
 N - the ring of Femex {Fire rPois rN+ Str+4 Dex+2 Slay+3}
   (You found it on level 7 of the Dungeon)

   [ring of fire]

   It enhances your fire magic, and weakens your ice magic.
   It affects your strength (+4).
   It affects your dexterity (+2).
   It affects your accuracy and damage with ranged weapons and melee attacks
   (+3).
   It protects you from fire.
   It makes you vulnerable to cold.
   It protects you from poison.
   It protects you from negative energy.
 U - the cursed ring "Stazifia" (on tentacle) {rElec rPois Dex-5 SInv}
   (You found it on level 8 of the Dungeon)

   [ring of see invisible]

   It affects your dexterity (-5).
   It insulates you from electricity.
   It protects you from poison.
   It enhances your eyesight.
   It has a curse placed upon it.
Magical devices
 K - a wand of teleportation (3)
 M - a wand of fireball (3)
 S - a wand of draining (3)
Scrolls
 e - 2 scrolls of blinking
 k - 5 scrolls of curse weapon
 n - 2 scrolls of fear
 o - a scroll of curse jewellery
 s - 2 scrolls of teleportation
 x - 4 scrolls of remove curse
 y - 2 scrolls of recharging
Potions
 f - 6 potions of curing
 j - a potion of beneficial mutation {unknown}
 l - a potion of restore abilities
 t - a potion of heal wounds
 H - 2 potions of mutation {unknown}
 L - a potion of brilliance {unknown}
 Q - a potion of resistance
 W - a potion of cancellation {unknown}
 Y - 2 potions of haste
Books
 d - a book of Geomancy

   Spells                             Type                      Level
   a - Sandblast                      Earth                        1
   b - Stoneskin                      Transmutation/Earth          2
   c - Passwall                       Transmutation/Earth          3
   d - Stone Arrow                    Conjuration/Earth            3
   e - Petrify                        Transmutation/Earth          4
   f - Lee's Rapid Deconstruction     Earth                        5
 E - a book of Frost

   Spells                             Type                      Level
   a - Freeze                         Ice                          1
   b - Throw Frost                    Conjuration/Ice              2
   c - Ozocubu's Armour               Charms/Ice                   3
   d - Throw Icicle                   Conjuration/Ice              4
   e - Summon Ice Beast               Ice/Summoning                4
   f - Condensation Shield            Ice                          4
 O - the Almanac of Companions
   (You found it on level 7 of the Dungeon)

   Spells                             Type                      Level
   a - Summon Small Mammal            Summoning                    1
   b - Call Imp                       Summoning                    2
   c - Spellforged Servitor           Conjuration/Summoning        7
Comestibles
 h - 3 meat rations
 i - 5 bread rations
 z - a slice of pizza
 A - a royal jelly


   Skills:
 - Level 4.1 Fighting
 - Level 1.0 Short Blades
   Level 0.4 Bows
 - Level 4.0 Dodging
 - Level 6.2 Stealth
 - Level 3.7(5.4) Shields
 + Level 6.3 Spellcasting
 - Level 6.1(8.0) Conjurations
 - Level 4.0(5.8) Charms
 - Level 4.5(6.3) Summonings
 - Level 5.2(7.0) Transmutations
 - Level 4.2(6.0) Ice Magic
 - Level 10.1(11.9) Earth Magic
 - Level 1.0(2.1) Evocations


You couldn't memorise any spells.
You knew the following spells:

 Your Spells              Type           Power        Failure   Level  Hunger
a - Sandblast             Erth           ######       1%          1    None
i - Summon Ice Beast      Ice/Summ       ####....     10%         4    ####...
k - Stone Arrow           Conj/Erth      #####.       1%          3    ##.....
l - Lee's Rapid Deconstr  Erth           ######....   2%          5    #####..
o - Ozocubu's Armour      Chrm/Ice       ####....     3%          3    ##.....
p - Petrify               Trmt/Erth      #####...     1%          4    ####...
s - Stoneskin             Trmt/Erth      #####...     1%          2    None


Dungeon Overview and Level Annotations

Branches:
Dungeon (8/15)             Temple (1/1) D:4            Lair (3/8) D:8
  Snake (0/5) Lair:3
  Swamp: Lair:3-6    Shoals: Lair:3-6

Altars:
Ashenzari
Cheibriados
Elyvilon
Fedhas
Gozag
Kikubaaqudgha
Makhleb
Nemelex Xobeh
Okawaru
Qazlal
Ru
Sif Muna
Trog
Xom
Yredelemnul
Zin
The Shining One

Shops:
D:4 *   D:5 *   D:7 *

Annotations:
D:6 Blork the orc
Lair:3 Gastronok


Innate Abilities, Weirdness & Mutations

You cannot wear most types of armour.
You are amphibious.
You can wear up to eight rings at the same time.
You can use your tentacles to constrict many enemies at once.
Your skin changes colour to match your surroundings (Stealth).
Your rubbery body absorbs attacks (AC +1).


Message History

The bat barely misses you. You block the bat's attack.
You block the bat's attack. The bat barely misses you. The bat misses you.
Gastronok chants a spell, wobbling all the while.
The quokka disappears in a puff of smoke!
The bat disappears in a puff of smoke!
The bat misses you. The bat hits you. The bat closely misses you.
The bat barely misses you. You block the bat's attack.
The bat closely misses you. You block the bat's attack.
The bat barely misses you.
Gastronok waves his eye-stalks in wide circles.
The air twists around and strikes you! You block the bat's attack.
The bat closely misses you. The bat hits you.
The bat hits you but does no damage. x2
The bat misses you. The bat closely misses you. The bat hits you.
The bat hits you. The bat hits you. The bat hits you but does no damage.
The bat misses you. The bat misses you.
Gastronok waves his eye-stalks in wide circles.
The air twists around and strikes you!
You die...

....................#####..######
...................## #..# #
...................## ##.#### #
...................P# ###...P###
....................# #.#.....##
....................#####<..#....
....................##P#..####...
.....................#.....####..
..............rb@b.P.........##P.
...................##.........##.
.........w..........#..##....###.
...............b...##P.###.....#.
..................####.# #......
.................## ...** ... ..
.................# ##. * ## ..
.....)......###.## . * ...
......####### ### . ** ,..


You could see Gastronok, a river rat and 3 bats.

Vanquished Creatures
  A hydra (Lair:2)
  3 spiny frogs
  4 komodo dragons
  2 fire drakes
  A basilisk (Lair:3)
  A deep elf mage (D:8)
  3 wolves (Lair:2)
  7 hippogriffs
  8 yaks
  Edmund (D:6)
  Menkaure (D:7)
  4 water moccasins
  A naga (Lair:3)
  4 porcupines
  6 ice beasts
  A necrophage (D:7)
  2 ogres
  2 phantoms (D:6)
  A sky beast (D:8)
  The ghost of MiracleMan the Slasher, an average OpGl (D:3)
  A centaur (D:8)
  6 crocodiles
  7 giant frogs
  4 scorpions
  3 killer bees (D:8)
  A goliath beetle (D:8)
  7 crimson imps
  A jelly (D:5)
  4 hounds
  A giant frog skeleton (D:7)
  5 worker ants
  An orc wizard (D:5)
  9 iguanas
  A hound zombie (D:6)
  A gnoll (D:3)
  47 river rats
  A worker ant zombie (D:7)
  8 adders
  3 worms
  An adder skeleton (D:4)
  9 orcs
  A bat skeleton (D:6)
  6 giant cockroaches
  13 hobgoblins
  2 jackals
  8 kobolds
  An ooze (D:3)
  3 ball pythons
  15 bats
  5 giant geckos
  2 giant newts
  6 goblins
  7 quokkas
  A quokka zombie (D:6)
  14 rats
  A fungus (Lair:1)
260 creatures vanquished.

Vanquished Creatures (others)
  A plant (D:8)
1 creature vanquished.

Grand Total: 261 creatures vanquished

Notes
Turn   | Place    | Note
--------------------------------------------------------------
     0 | D:1      | hannobal, the Octopode Earth Elementalist, began the quest for the Orb.
     0 | D:1      | Reached XP level 1. HP: 11/11 MP: 3/3
   450 | D:1      | Reached XP level 2. HP: 17/17 MP: 2/4
   454 | D:1      | Learned a level 2 spell: Stoneskin
  1420 | D:2      | Found a shimmering altar of Xom.
  1424 | D:2      | Found an iron altar of Okawaru.
  1424 | D:2      | Found a sacrificial altar of Ru.
  1425 | D:2      | Found a deep blue altar of Sif Muna.
  1487 | D:2      | Reached skill level 4 in Earth Magic
  1558 | D:2      | Reached XP level 3. HP: 21/21 MP: 3/6
  1887 | D:2      | Found a snail-covered altar of Cheibriados.
  2131 | D:3      | Noticed MiracleMan's ghost (average OpGl)
  2142 | D:2      | Learned a level 3 spell: Stone Arrow
  2279 | D:3      | Killed MiracleMan's ghost
  2279 | D:3      | Reached XP level 4. HP: 27/27 MP: 4/7
  2279 | D:3      | Reached XP level 5. HP: 31/31 MP: 5/9
  2510 | D:3      | Reached skill level 1 in Fighting
  2707 | D:3      | Reached skill level 1 in Short Blades
  3043 | D:4      | Noticed an ogre
  3046 | D:4      | Killed an ogre
  3046 | D:4      | Reached XP level 6. HP: 38/38 MP: 3/10
  3316 | D:4      | Reached skill level 5 in Conjurations
  3395 | D:4      | Found a staircase to the Ecumenical Temple.
  3414 | Temple   | Entered the Ecumenical Temple
  3488 | Temple   | Became a worshipper of Ashenzari the Shackled
  3886 | D:4      | Found Musef's General Store.
  3889 | D:4      | Bought a scroll of remove curse for 30 gold pieces
  4034 | D:4      | Reached XP level 7. HP: 37/43 MP: 12/12
  4112 | D:4      | Learned a level 5 spell: Lee's Rapid Deconstruction
  4344 | D:5      | Entered Level 5 of the Dungeon
  4344 | D:5      | Found Dipp's Assorted Antiques.
  4351 | D:5      | Bought a scroll of remove curse for 81 gold pieces
  4362 | D:5      | Bought a scroll of identify for 54 gold pieces
  4649 | D:5      | Reached skill level 5 in Earth Magic
  5633 | D:6      | Noticed Edmund
  5647 | D:6      | Killed Edmund
  5647 | D:6      | Reached XP level 8. HP: 38/50 MP: 9/16
  5899 | D:6      | HP: 2/50 [killer bee (4)]
  5988 | D:6      | Reached skill level 6 in Earth Magic
  6101 | D:4      | Bought an uncursed ring of sustain abilities for 175 gold pieces
  6156 | D:6      | Noticed Blork the orc
  6557 | D:6      | Reached skill level 5 in Stealth
  6735 | D:7      | Reached skill level 1 in Evocations
  6940 | D:7      | Reached XP level 9. HP: 53/57 MP: 18/18
  6995 | D:7      | Identified the ring of Femex {Fire rPois rN+ Str+4 Dex+2 Slay+3}
  7022 | D:7      | Identified the Almanac of Companions
  7078 | D:7      | Learned a level 4 spell: Petrify
  7249 | D:7      | Found Thoenel's Assorted Antiques.
  7330 | D:7      | Noticed Menkaure
  7339 | D:7      | Killed Menkaure
  7501 | D:7      | Reached skill level 7 in Earth Magic
  8124 | D:8      | Found a staircase to the Lair.
  8125 | D:8      | Identified the ring "Stazifia" {rElec rPois Dex-5 SInv}
  8126 | D:8      | Noticed a komodo dragon
  8815 | Lair:1   | Entered Level 1 of the Lair of Beasts
  8837 | Lair:1   | Reached skill level 8 in Earth Magic
  9097 | Lair:1   | Reached skill level 9 in Earth Magic
  9219 | Lair:1   | Reached XP level 10. HP: 36/63 MP: 20/20
  9289 | Lair:1   | Noticed a spiny frog
  9295 | Lair:1   | Killed a spiny frog
  9295 | Lair:1   | Reached skill level 10 in Earth Magic
  9326 | Lair:1   | Acquired Ashenzari's first power
  9617 | D:8      | Reached skill level 5 in Spellcasting
  9896 | Lair:1   | Reached skill level 5 in Transmutations
 10064 | D:7      | Bought a glowing buckler for 130 gold pieces
 10064 | D:7      | Bought a lumpy inky potion for 26 gold pieces
 10198 | Lair:1   | Learned a level 4 spell: Summon Ice Beast
 10225 | Lair:1   | Reached skill level 1 in Shields
 10475 | Lair:1   | Noticed a komodo dragon
 10554 | Lair:1   | Killed a komodo dragon
 10743 | Lair:2   | Found a frozen archway.
 10753 | IceCv    | Entered an ice cave
 10773 | Lair:1   | Reached skill level 1 in Summonings
 10773 | Lair:1   | Reached skill level 1 in Ice Magic
 11404 | Lair:2   | Reached XP level 11. HP: 62/67 MP: 23/23
 11405 | Lair:2   | Noticed a seven-headed hydra
 11411 | Lair:2   | Killed a seven-headed hydra
 12106 | Lair:2   | Noticed a five-headed hydra
 12834 | D:7      | Learned a level 3 spell: Ozocubu's Armour
 12835 | D:7      | Bought a moonstone ring for 145 gold pieces
 12881 | D:8      | Reached skill level 1 in Charms
 13315 | Lair:3   | Found a staircase to the Snake Pit.
 13336 | Lair:3   | Acquired Ashenzari's second power
 13827 | Lair:3   | Noticed Gastronok
 13858 | Lair:3   | Killed from afar by Gastronok

Action                   |  1- 3 |  4- 6 |  7- 9 | 10-12 || total
-------------------------+-------+-------+-------+-------++-------
Melee: Unarmed           |     9 |       |       |       ||     9
       Club              |     7 |       |       |       ||     7
       Short sword       |     2 |     5 |    49 |   149 ||   205
 Fire: Shortbow          |       |       |    36 |       ||    36
Throw: Javelin           |     4 |     2 |    12 |    33 ||    51
       Stone             |       |       |     3 |       ||     3
 Cast: Sandblast         |    57 |    77 |   196 |       ||   330
       Stoneskin         |     1 |       |     8 |     8 ||    17
       Stone Arrow       |       |     7 |    23 |    91 ||   121
       Petrify           |       |       |     4 |    30 ||    34
       Lee's Rapid Decon |       |       |       |    34 ||    34
       Ozocubu's Armour  |       |       |       |     7 ||     7
Evoke: Wand              |       |       |     1 |       ||     1
  Use: Scroll            |     6 |     3 |    15 |     6 ||    30
       Potion            |     6 |     1 |     1 |       ||     8
 Stab: Sleeping          |       |       |    13 |     6 ||    19
       Distracted        |       |       |     1 |     1 ||     2
       Petrifying        |       |       |       |     2 ||     2
  Eat: Fruit             |     2 |     6 |     7 |       ||    15
       Chunk             |     4 |     3 |    10 |    23 ||    40
       Beef jerky        |       |       |     1 |     1 ||     2
       Meat ration       |       |       |     1 |     1 ||     2
       Bread ration      |       |       |       |     1 ||     1
